 Dungeon Crawl Stone Soup version 0.23.2 (webtiles) character file.

Game seed: 11012414685787603100

1488 OdinFK the Magician (level 8, 0/42 HPs)
             Began as a Deep Elf Fire Elementalist on Apr 3, 2019.
             Was an Initiate of Vehumet.
             Slain by a killer bee (8 damage)
             ... on level 7 of the Dungeon.
             The game lasted 00:24:23 (6084 turns).

OdinFK the Magician (Deep Elf Fire Elementalist)    Turns: 6084, Time: 00:24:24

Health: 0/42       AC:  2    Str:  5    XL:     8   Next: 51%
Magic:  2/21       EV: 13    Int: 29    God:    Vehumet [......]
Gold:   432        SH:  0    Dex: 15    Spells: 9/21 levels left

rFire    . . .     SeeInvis +   x - +1 dagger of Qitt {flame, Int+3} (curse)
rCold    . . .     Gourm    .   (no shield)
rNeg     . . .     Faith    .   a - +0 robe
rPois    .         Spirit   .   (no helmet)
rElec    .         Reflect  .   (no cloak)
rCorr    .         Harm     .   (no gloves)
MR       .....                  (no boots)
Stlth    ++........             (no amulet)
HPRegen  0.14/turn              h - +3 ring of intelligence
MPRegen  0.17/turn              D - ring of see invisible

@: lethally poisoned (0 -> -11)
A: no striking features
a: Renounce Religion


You were on level 7 of the Dungeon.
You worshipped Vehumet.
Vehumet was noncommittal.
You were hungry.

You visited 2 branches of the dungeon, and saw 8 of its levels.
You also visited: Sewer.

You collected 432 gold pieces.

Inventory:

Hand Weapons
 x - the cursed +1 dagger of Qitt (weapon) {flame, Int+3}
   (You found it on level 4 of the Dungeon)

   It has been specially enchanted to burn those struck by it, causing extra
   injury to most foes and up to half again as much damage against particularly
   susceptible opponents.
   It affects your intelligence (+3).
   It has a curse placed upon it.
Armour
 a - a +0 robe (worn)
Jewellery
 h - a +3 ring of intelligence (left hand)
 D - a ring of see invisible (right hand)
Wands
 i - a wand of iceblast (7)
 v - a wand of disintegration (6)
 B - a wand of acid (9)
Scrolls
 e - 4 scrolls of fear
 g - 4 scrolls of amnesia {unknown}
 k - 7 scrolls of teleportation {unknown}
 m - 2 scrolls of enchant weapon {unknown}
 p - 2 scrolls of fog
 q - a scroll of blinking {unknown}
 r - a scroll of random uselessness {unknown}
 w - 3 scrolls of magic mapping
 y - a scroll of enchant armour {unknown}
Potions
 b - 6 potions of curing
 d - 2 potions of haste
 f - 4 potions of brilliance
 j - a potion of invisibility {unknown}
 l - 3 potions of resistance
 n - a potion of magic {unknown}
 o - 2 potions of heal wounds {unknown}
 s - a potion of flight {unknown}
 t - 2 potions of berserk rage
 u - 4 potions of mutation
Comestibles
 c - 10 rations
 z - a chunk of flesh


   Skills:
 + Level 0.7 Fighting
 + Level 1.4 Short Blades
 + Level 3.2 Dodging
 - Level 2.4 Stealth
 + Level 7.4 Spellcasting
 + Level 7.0 Conjurations
 + Level 6.5 Fire Magic
 - Level 3.0 Evocations


You had 9 spell levels left.
You knew the following spells:

 Your Spells              Type           Power        Failure   Level  Hunger
a - Flame Tongue          Conj/Fire      #####        1%          1    None
b - Throw Flame           Conj/Fire      ######       1%          2    None
c - Sticky Flame          Conj/Fire      ######..     3%          4    ##.....
d - Fireball              Conj/Fire      ######....   9%          5    ####...

Your spell library contained the following spells:

 Spells                   Type           Power        Failure   Level  Hunger
 Conjure Flame            Conj/Fire      ######..     1%          3    None
 Inner Flame              Hex/Fire       ####....     3%          3    None


Dungeon Overview and Level Annotations

Branches:
Dungeon (7/15)             Temple (1/1) D:4

Altars:
Ashenzari
Cheibriados
Elyvilon
Fedhas
Gozag
Hepliaklqana
Kikubaaqudgha
Makhleb
Nemelex Xobeh
Okawaru
Qazlal
Ru
Sif Muna
Trog
Uskayaw
Vehumet
Wu Jian
Zin
The Shining One


Message History

The killer bee is covered in liquid flames!
You feel sick.
The killer bee burns!
You kill the killer bee!
Vehumet accepts your kill. The killer bee stings you. x2
Evoke which item? (* to show all) (? for menu, Esc to quit)
Okay, then.
Unknown command.
Press: ? - help, v - describe, . - travel
Here: a killer bee The floor.
Evoke which item? (* to show all) (? for menu, Esc to quit)
Aiming: Disintegrate
Press: ? - help, Shift-Dir - straight line, f - killer bee
Aim: a killer bee (chance to defeat MR: 83%)
The killer bee barely resists.
You feel sick. The killer bee stings you!
* * * LOW HITPOINT WARNING * * *
You are lethally poisoned!
The killer bee poisons you! The killer bee stings you!
You die...

##≈# .#
§≈# ..#
.§###§.
#≈≈≈≈
##.†#
#...#
#...#
#†y.#
#@..#
#...#
#...#
#...#
#...#
#...#
#...#
#...#


You could see a killer bee.

Vanquished Creatures
  Grinder (D:3)
  2 orc warriors
  An ogre (D:5)
  A centaur (D:6)
  3 big kobolds (Sewer)
  A scorpion (D:6)
  4 killer bees (D:7)
  A howler monkey (D:6)
  A centaur skeleton (D:5)
  A gnoll shaman (D:6)
  A jelly (D:6)
  Jessica (D:3)
  A worker ant (D:6)
  5 gnolls (D:6)
  12 adders
  3 river rats (Sewer)
  A shadow imp (D:6)
  7 oozes
  An adder zombie (D:5)
  An adder skeleton (D:6)
  5 worms
  2 dart slugs
  A leopard gecko (D:3)
  7 orcs
  4 giant cockroaches
  7 goblins
  7 hobgoblins
  2 jackals (D:6)
  A quokka (D:6)
  7 ball pythons
  10 bats
  2 frilled lizards
  15 kobolds
  11 rats
130 creatures vanquished.

Vanquished Creatures (others)
  A howler monkey skeleton (D:5)
1 creature vanquished.

Grand Total: 131 creatures vanquished

Notes
Turn   | Place    | Note
-------+----------+-------------------------------------------
     0 | D:1      | OdinFK the Deep Elf Fire Elementalist began the quest for
                  | the Orb.
     0 | D:1      | Reached XP level 1. HP: 10/10 MP: 6/6
   317 | D:1      | Reached XP level 2. HP: 15/15 MP: 5/8
   327 | D:1      | Learned a level 2 spell: Throw Flame
   851 | D:2      | Reached XP level 3. HP: 19/19 MP: 1/10
  1413 | D:3      | Reached XP level 4. HP: 24/24 MP: 4/11
  1419 | D:3      | Learned a level 4 spell: Sticky Flame
  1565 | D:3      | Found a stormy altar of Qazlal.
  1565 | D:3      | Noticed Jessica
  1567 | D:3      | Noticed an air elemental
  1567 | D:3      | Noticed a water elemental
  1568 | D:3      | Noticed an earth elemental
  1568 | D:3      | Noticed a fire elemental
  1574 | D:3      | Killed Jessica
  1918 | D:3      | Noticed Grinder
  1925 | D:3      | Killed Grinder
  1925 | D:3      | Reached skill level 5 in Fire Magic
  1925 | D:3      | Reached XP level 5. HP: 17/28 MP: 1/14
  1925 | D:3      | Reached XP level 6. HP: 20/32 MP: 1/15
  2231 | D:3      | Noticed an orc warrior
  2232 | D:3      | Reached skill level 5 in Spellcasting
  2256 | D:3      | Killed an orc warrior
  2555 | D:4      | Learned a level 5 spell: Fireball
  2639 | D:4      | Found a glowing drain.
  2670 | Sewer    | Entered a sewer
  2693 | Sewer    | Reached skill level 1 in Evocations
  2717 | Sewer    | Reached XP level 7. HP: 36/36 MP: 10/17
  2876 | Sewer    | Reached skill level 1 in Short Blades
  2882 | Sewer    | Reached skill level 5 in Conjurations
  3601 | D:4      | Found a hide-covered altar of Uskayaw.
  3601 | D:4      | Found a snail-covered altar of Cheibriados.
  3602 | D:4      | Found a deep blue altar of Sif Muna.
  3751 | D:4      | Found a staircase to the Ecumenical Temple.
  3761 | D:4      | Got a crude dagger
  3762 | D:4      | Identified the cursed +1 dagger of Qitt {flame, Int+3} (You
                  | found it on level 4 of the Dungeon)
  3766 | Temple   | Entered the Ecumenical Temple
  4238 | D:5      | Entered Level 5 of the Dungeon
  4279 | D:5      | Found a glowing silver altar of Zin.
  5149 | D:5      | Found a glowing golden altar of the Shining One.
  5315 | D:6      | Reached XP level 8. HP: 40/42 MP: 2/19
  5740 | D:6      | Found a radiant altar of Vehumet.
  5751 | D:6      | Became a worshipper of Vehumet
  6084 | D:7      | Slain by a killer bee

Skill      XL: |  1  2  3  4  5  6  7  8 |
---------------+-------------------------+-----
Conjurations   | 2 4 6 7 |  7.0
Fire Magic     | 4 5 6 |  6.5
Spellcasting   | 4 5 6 7 |  7.4
Dodging        | 3 |  3.2
Evocations     | 1 2 3 |  3.0
Short Blades   | 1 |  1.4
Fighting       | |  0.7
Stealth        | |  2.4

Action                   |  1- 3 |  4- 6 |  7- 9 || total
-------------------------+-------+-------+-------++-------
Melee: Dagger            |       |    11 |    24 ||    35
 Cast: Flame Tongue      |    40 |    39 |    38 ||   117
       Throw Flame       |    22 |    25 |    33 ||    80
       Sticky Flame      |       |     3 |     7 ||    10
       Fireball          |       |       |     7 ||     7
Evoke: Wand              |       |     1 |     2 ||     3
  Use: Scroll            |     1 |     2 |     6 ||     9
 Stab: Sleeping          |       |     2 |       ||     2
  Eat: Chunk             |     2 |     4 |     9 ||    15
       Ration            |       |       |     1 ||     1
Armor: Robe              |     1 |     1 |     3 ||     5
Dodge: Dodged            |    14 |    21 |    26 ||    61
